cohdb
Replays
Latest Replays
All Replays
Popular Replays
Top Player Replays
Match Explorer
How It Works
Community
CoH3 Stats
Reddit
Sign in to upload your games and track your stats! →
Sign in with Steam
Match 42762719
Unlisted
Match 42762719
Overview
Messages
Build Orders
End
Kradschützen Motorcycle Team
Selects Italian Infantry
250 Light Carrier
Panzergrenadier Squad
Construct Light Support Kompanie
2.5-tonne Medical Truck
Construct Mechanized Kompanie
Selects Guastatori Squad
Guastatori Squad
Panzerjäger Mechanized Group
Veteran Squad Leaders
Construct Panzerarmee Kommand
Selects Sound the Alarm
Sound the Alarm
Selects Territory Booby Traps
Selects Registered Artillery
Rapid Advance
Registered Artillery
Sound the Alarm
Armored Reserves
Panzerjäger Mechanized Group
Registered Artillery
Emergency Repair Kits
Sound the Alarm
Tungsten Core Ammunition
Vehicle Survival Package
Sound the Alarm
Registered Artillery
Tiger Heavy Tank
Support Armor Elements
18-tonne Recovery Half-track
Guastatori Squad
Sound the Alarm
18-tonne Recovery Half-track
Registered Artillery
Registered Artillery
Guastatori Squad
Sound the Alarm
dl5277
Ares
The sexy Ginger
你是暖光iii
B1t
SkyCurv
TheWolf
BileDiver吐酸披风虫
0
0
Comments
sign in to comment!
No comments posted yet!